 Dungeon Crawl Stone Soup version 0.28.0-43-g3370ac3207 (webtiles) character file.

Game seed: 843142111818735021

17278 demenzo the Fighter (level 12, -2/136 HPs)
             Began as an Ogre Gladiator on Mar 27, 2022.
             Was a High Priest of Ignis.
             Slain by an eight-headed hydra (5 damage)
             ... while petrified by a basilisk
             ... on level 8 of the Dungeon.
             The game lasted 00:27:36 (17451 turns).

demenzo the Fighter (Ogre Gladiator)               Turns: 17451, Time: 00:27:37

Health: -2/136     AC:  8    Str: 23    XL:     12   Next: 46%
Magic:  12/12      EV:  1    Int: 20    God:    Ignis [*****.]
Gold:   246        SH:  0    Dex: 12    Spells: 11/11 levels left

rFire   + . .      SeeInvis .   a - +5 morningstar (freeze)
rCold   . . .      Faith    .   (no shield)
rNeg    + + +      Spirit   .   L - +0 robe of the Blind Marksman {Drain rElec rN+++ Int+4}
rPois   ∞          Reflect  .   c - +0 hat
rElec   +          Harm     .   r - +0 cloak
rCorr   .          Rampage  .   (gloves unavailable)
Will    +....                   (boots unavailable)
Stlth   +.........              x - amulet of the acrobat
HPRegen 0.32/turn               O - +4 ring of protection
MPRegen 0.13/turn               w - ring of Xyunug {EV+4 Int+7}

@: petrified
A: large, unfitting armour, tough skin 1
a: Renounce Religion, Fiery Armour, Foxfire Swarm, Rising Flame


You were on level 8 of the Dungeon.
You worshipped Ignis.
Ignis was extremely pleased with you.
You visited 3 branches of the dungeon, and saw 13 of its levels.

You collected 753 gold pieces.
You spent 507 gold pieces at shops.

Inventory:

Hand Weapons
 a - a +5 morningstar of freezing (weapon)
 b - a +2 hunting sling of flaming
 E - a +1 giant spiked club
 F - a +0 hand crossbow
 K - a +0 shortbow
Missiles
 d - 6 throwing nets (quivered)
 e - 16 boomerangs
 g - 402 stones
 l - 3 atropa-tipped darts
 n - 95 bolts
 q - 119 sling bullets
 y - 8 poisoned darts
 G - 184 arrows
Armour
 c - a +0 hat (worn)
 r - a +0 cloak (worn)
 L - the +0 robe of the Blind Marksman (worn) {Drain rElec rN+++ Int+4}
   (You took it off a centaur on level 5 of the Dungeon)

   Int:       It affects your intelligence (+4).
   rElec:     It insulates you from electricity.
   rN:        It renders you almost immune to negative energy.
   Drain:     It drains your maximum health when unequipped.
 R - a +0 robe
 U - +0 steam dragon scales
Magical Staves
 i - a staff of death
 z - a staff of fire
Jewellery
 h - a +4 ring of evasion
 p - a ring of positive energy
 w - the ring of Xyunug (right hand) {EV+4 Int+7}
   (You took it off a kobold on level 3 of the Dungeon)

   [ring of evasion]

   EV:        It affects your evasion (+4).
   Int:       It affects your intelligence (+7).
 x - an amulet of the acrobat (around neck)
 B - a +6 ring of dexterity
 O - a +4 ring of protection (left hand)
 Q - the ring "Jigill" {Fly rN++ Stlth-}
   (You found it on level 9 of the Dungeon)

   [ring of flight]

   rN:        It greatly protects you from negative energy.
   Fly:       It grants you flight.
   Stlth:     It makes you less stealthy.
Wands
 D - a wand of flame (49)
 P - a wand of charming (14)
Scrolls
 j - 5 scrolls of teleportation
 o - a scroll of summoning
 s - 4 scrolls of fear
 u - 5 scrolls of magic mapping
 I - a scroll of enchant armour
 J - a scroll of fog
 M - a scroll of noise
 T - a scroll of holy word
 V - a scroll of identify
Potions
 f - 2 potions of haste
 k - 3 potions of lignification
 m - 4 potions of attraction
 t - 2 potions of degeneration
 v - 3 potions of curing
 A - a potion of heal wounds
 C - 3 potions of flight
 H - a potion of magic
 N - a potion of resistance
 S - a potion of might


   Skills:
 + Level 13.3 Fighting
 * Level 13.3 Maces & Flails
 - Level 2.0 Throwing
 + Level 9.8 Dodging


You had 11 spell levels left.
You didn't know any spells.
Your spell library contained the following spells:

 Spells                   Type           Power      Damage    Failure   Level
 Animate Skeleton         Necr           0%         N/A       19%         1
 Apportation              Tloc           0%         N/A       19%         1
 Pain                     Necr           0%         1d4       19%         1
 Summon Small Mammal      Summ           0%         N/A       19%         1
 Ensorcelled Hibernation  Hex/Ice        0%         N/A       28%         2
 Passwall                 Tmut/Erth      0%         N/A       28%         2
 Swiftness                Air            0%         N/A       50%         3
 Agony                    Necr           0%         N/A       99%         5
 Excruciating Wounds      Necr           0%         N/A       99%         5


Dungeon Overview and Level Annotations

Branches:
Dungeon (11/15)            Temple (1/1) D:7            Lair (1/6) D:8
    Orc: D:9-12

Altars:
Ashenzari
Cheibriados
Dithmenos
Elyvilon
Fedhas
Gozag
Hepliaklqana
Kikubaaqudgha
Makhleb
Nemelex Xobeh
Okawaru
Qazlal
Ru
Sif Muna
Trog
Uskayaw
Vehumet
Wu Jian
Xom
Yredelemnul
Zin
The Shining One
Ignis

Shops:
D:1 [?[[[   D:6 =


Innate Abilities, Weirdness & Mutations

You are too large for most types of armour.
You have tough skin. (AC +1)


Message History

The eight-headed hydra bites you! The eight-headed hydra bites you.
The eight-headed hydra bites you!
* * * LOW HITPOINT WARNING * * *
The eight-headed hydra bites you.
* * * LOW HITPOINT WARNING * * *
The eight-headed hydra bites you but does no damage.
The wolf bites you but does no damage. The wolf bites you but does no damage.
The eight-headed hydra bites you!
* * * LOW HITPOINT WARNING * * *
The eight-headed hydra bites you but does no damage.
The eight-headed hydra completely misses you.
The eight-headed hydra bites you!
* * * LOW HITPOINT WARNING * * *
The eight-headed hydra bites you but does no damage. x3
The eight-headed hydra bites you.
* * * LOW HITPOINT WARNING * * *
The wolf bites you!
* * * LOW HITPOINT WARNING * * *
The eight-headed hydra bites you but does no damage.
The eight-headed hydra bites you.
The eight-headed hydra completely misses you.
The eight-headed hydra bites you.
* * * LOW HITPOINT WARNING * * *
The eight-headed hydra bites you!
* * * LOW HITPOINT WARNING * * *
The eight-headed hydra bites you.
* * * LOW HITPOINT WARNING * * *
The eight-headed hydra barely misses you.
The eight-headed hydra bites you.
* * * LOW HITPOINT WARNING * * *
The wolf bites you!
* * * LOW HITPOINT WARNING * * *
The wolf bites you but does no damage. The eight-headed hydra bites you.
* * * LOW HITPOINT WARNING * * *
The eight-headed hydra bites you.
* * * LOW HITPOINT WARNING * * *
The eight-headed hydra bites you!
* * * LOW HITPOINT WARNING * * *
The eight-headed hydra bites you!
You die...

#####.# #.###### #.#
#......# #.#
#.####.### #.#
####.....###
#####.####...P...P.##
........#......PPPPP#
......#.....PPP..PPP#
#######....PPPP.DPPP#


##.PPPPPP.@hPP# ##PPPPPPP..PP# ##PPPPPPPPP## ########### You could see an
eight-headed hydra and a wolf.

Vanquished Creatures
  Harold (D:11)
  A hydra (D:8)
  A two-headed ogre (D:9)
  A flayed ghost (D:9)
  A deep elf pyromancer (D:10)
  7 centaur zombies
  Maurice (D:9)
  A cane toad (Lair:1)
  Maggie (D:10)
  A komodo dragon (shapeshifter) (D:9)
  2 komodo dragons
  A polar bear (Lair:1)
  A troll (D:11)
  8 wraiths
  2 shadows
  2 wyverns (D:9)
  14 fire bats (D:9)
  20 yaks
  An acid dragon (D:9)
  5 water moccasins
  2 orc warriors
  An ice beast (D:8)
  A sky beast (D:6)
  5 ogres
  3 centaurs
  4 wolves
  A phantom (D:5)
  A kobold brigand (D:8)
  A gnoll sergeant (D:10)
  3 bullfrogs
  A wyvern zombie (D:6)
  3 scorpions
  2 water moccasin skeletons
  3 killer bees (D:10)
  4 howler monkeys
  13 wights
  A bullfrog zombie (D:6)
  A crimson imp (D:6)
  3 hounds
  3 jellies
  4 orc priests
  A gnoll shaman (D:7)
  3 iguanas
  Natasha (thrice) (D:2)
  7 orc wizards
  A hound skeleton (D:4)
  Robin (D:2)
  13 gnolls
  4 adders
  3 white imps (D:6)
  An ufetubus (D:6)
  An adder skeleton (D:5)
  2 worms (D:2)
  A dart slug (D:3)
  23 orcs
  7 endoplasms
  2 giant cockroaches
  19 goblins
  9 hobgoblins
  15 jackals
  7 kobolds
  5 quokkas
  8 ball pythons
  88 bats
  2 rats
358 creatures vanquished.

Vanquished Creatures (others)
  3 fungi (Lair:1)
  39 plants
42 creatures vanquished.

Grand Total: 400 creatures vanquished

Notes
Turn   | Place    | Note
-------+----------+-------------------------------------------
     0 | D:1      | demenzo the Ogre Gladiator began the quest for the Orb.
     0 | D:1      | Reached XP level 1. HP: 22/22 MP: 1/1
    10 | D:1      | Found Saoriula's Antique Armour Shop.
    54 | D:1      | Found a faded altar of an unknown god.
   176 | D:1      | Reached XP level 2. HP: 28/29 MP: 2/2
   192 | D:1      | Found Vicawnosun's Armour Emporium.
   208 | D:1      | Found Usivif's Armour Shoppe.
   292 | D:1      | Reached XP level 3. HP: 34/37 MP: 3/3
   566 | D:1      | Found Rotu's Magic Scroll Shop.
   574 | D:1      | Found Atoesm's Armour Shoppe.
  1249 | D:2      | Noticed Natasha
  1252 | D:2      | Killed Natasha
  1253 | D:2      | Reached XP level 4. HP: 35/48 MP: 4/4
  1456 | D:1      | Bought a +0 cloak for 45 gold pieces
  1505 | D:2      | Noticed Natasha
  1575 | D:2      | Killed Natasha
  2114 | D:2      | Noticed Natasha
  2121 | D:2      | Killed Natasha
  2122 | D:2      | Reached XP level 5. HP: 41/54 MP: 5/5
  2755 | D:3      | Noticed Robin
  3072 | D:2      | Killed Robin
  3092 | D:3      | Found a glowing silver altar of Zin.
  3107 | D:3      | Found a sparkling altar of Nemelex Xobeh.
  3243 | D:1      | Bought a scroll of fear for 42 gold pieces
  3422 | D:3      | Identified the ring of Xyunug {EV+4 Int+7}
  3973 | D:4      | Reached XP level 6. HP: 57/63 MP: 6/6
  4088 | D:4      | Reached skill level 5 in Fighting
  4088 | D:4      | Reached skill level 5 in Maces & Flails
  4408 | D:3      | Reached XP level 7. HP: 39/72 MP: 7/7
  5306 | D:5      | Entered Level 5 of the Dungeon
  5716 | D:1      | Bought a scroll of enchant armour for 90 gold pieces
  5896 | D:5      | Reached XP level 8. HP: 75/83 MP: 8/8
  6046 | D:5      | Identified the +0 robe of the Blind Marksman {Drain rElec
                  | rN+++ Int+4}
  6058 | D:5      | Reached skill level 5 in Dodging
  6793 | D:1      | Bought a scroll of magic mapping for 42 gold pieces
  6909 | D:6      | Noticed a yak
  6909 | D:6      | Noticed a yak
  6909 | D:6      | Noticed a yak
  6909 | D:6      | Noticed a yak
  6910 | D:6      | Noticed a yak
  6912 | D:6      | Noticed a yak
  6926 | D:5      | Killed a yak
  7524 | D:6      | Found Nuxkyura's Jewellery Shoppe.
  7614 | D:6      | Reached XP level 9. HP: 70/96 MP: 9/9
  8944 | D:6      | You fall into a shaft and drop 2 floors!
  9361 | D:7      | Found a staircase to the Ecumenical Temple.
  9367 | Temple   | Entered the Ecumenical Temple
  9434 | Temple   | Became a worshipper of Ignis, the Dying Flame
  9756 | D:6      | Reached XP level 10. HP: 87/107 MP: 10/10
  9974 | D:6      | Found an ornate altar of the Wu Jian Council.
  9978 | D:6      | Found a blossoming altar of Fedhas.
  9989 | D:6      | Found a glowing golden altar of the Shining One.
  9989 | D:6      | Found an opulent altar of Gozag.
  9991 | D:6      | Found a shadowy altar of Dithmenos.
  9992 | D:6      | Found a broken altar of Ashenzari.
 11462 | D:8      | Found a staircase to the Lair.
 11499 | D:8      | Reached skill level 10 in Maces & Flails
 11527 | D:8      | Reached skill level 10 in Fighting
 12070 | D:8      | Noticed an eight-headed hydra
 12079 | D:8      | Killed an eight-headed hydra
 12419 | Lair:1   | Entered Level 1 of the Lair of Beasts
 12899 | Lair:1   | Reached XP level 11. HP: 95/120 MP: 11/11
 12941 | Lair:1   | Noticed an eight-headed hydra
 12944 | Lair:1   | Noticed a lindwurm
 13628 | D:9      | Noticed Maurice
 13637 | D:9      | Killed Maurice
 14036 | D:9      | Found a glowing silver altar of Zin.
 14105 | D:9      | Found a runed translucent door.
 14115 | D:9      | Found a shimmering blue altar of Sif Muna.
 14202 | D:9      | Noticed a flayed ghost
 14293 | D:9      | Found a sacrificial altar of Ru.
 14295 | D:9      | Found a sacrificial altar of Ru.
 14364 | D:9      | Found a glowing golden altar of the Shining One.
 14364 | D:9      | Noticed a two-headed ogre
 14380 | D:9      | Killed a two-headed ogre
 14537 | D:9      | Found a shimmering altar of Xom.
 14681 | D:9      | Found a shimmering blue altar of Sif Muna.
 14882 | D:9      | Killed a flayed ghost
 14883 | D:9      | Reached XP level 12. HP: 93/133 MP: 12/12
 14886 | D:9      | Identified the ring "Jigill" {Fly rN++ Stlth-}
 15006 | D:9      | Identified the +5 ring mail "Osolon" {rF+ rC+ Int+7 Dex-2}
 15061 | D:10     | Entered Level 10 of the Dungeon
 15455 | D:10     | Noticed Maggie
 15465 | D:10     | Killed Maggie
 15904 | D:10     | Found an iron altar of Okawaru.
 16751 | D:11     | Noticed Harold
 16763 | D:11     | Killed Harold
 17240 | D:1      | Bought a scroll of summoning for 114 gold pieces
 17240 | D:1      | Bought a scroll of holy word for 90 gold pieces
 17240 | D:1      | Bought a scroll of fear for 42 gold pieces
 17240 | D:1      | Bought a scroll of fear for 42 gold pieces
 17451 | D:8      | HP: 3/136 [eight-headed hydra (5)]
 17451 | D:8      | Slain by an eight-headed hydra

Illustrated notes

Levels and vault maps discovered:
D:1:      dpeg_arrival_windows_large_door, layout_rooms, basic_ecumenical_altar,
          serial_shops, shop, shop, shop_fountains, shop, nicolae_lakefront_shop
D:2:      layout_loops_cross, serial_aquarium, aquarium_bridge_straight
          [aquarium_subvault_bridge, aquarium_subvault_wall,
          aquarium_subvault_bridge, aquarium_subvault_wall],
          aquarium_window_fake, aquarium_window_corner, aquarium_window_double,
          aquarium_view_2g, serial_bayou_lagoon_a, grunt_decor_fettered,
          uniq_natasha
D:3:      layout_basic, mainiacjoe_overflow_large_starburst,
          kennysheep_nondescript, minmay_misc_feat_rugged, minmay_diced_spiral,
          uniq_robin
D:4:      layout_rooms
D:5:      layout_cave_pods
D:6:      layout_basic, minitemple, serial_shops, shop,
          chequers_serial_rivers_marsh, minmay_fire_ice_demons
D:7:      layout_loops_ring, minmay_temple_entry_hall
D:8:      layout_loops_ring, david_lair_shrubbed
D:9:      due_megacathedral, layout_basic, kennysheep_mini,
          minmay_strange_pillars, uniq_maurice
D:10:     layout_roguey, kennysheep_okawaru_gauntlet, uniq_maggie
D:11:     layout_cave_pools, uniq_harold
Temple:   ebering_untended_altars
Lair:1:   layout_regular_city, hangedman_lair_generics_rect, uniq_grum

Skill      XL: |  1  2  3  4  5  6  7  8  9 10 11 12 |
---------------+-------------------------------------+-----
Fighting       | 3 4 5 6 7 9 11 12 13 | 13.3
Maces & Flails | 3 4 5 6 7 9 11 12 13 | 13.3
Dodging        | 3 4 5 6 8 9 |  9.8
Throwing       | |  2.0

Action                   |  1- 3 |  4- 6 |  7- 9 | 10-12 || total
-------------------------+-------+-------+-------+-------++-------
Melee: Flail             |   100 |   192 |   342 |    44 ||   678
       Punch             |     2 |     2 |     7 |     4 ||    15
       Dire flail        |       |       |       |    73 ||    73
       Morningstar       |       |       |       |   503 ||   503
 Fire: Hunting sling     |       |       |       |    16 ||    16
Throw: Throwing net      |       |     2 |       |       ||     2
Invok: Fiery Armour      |       |       |       |     1 ||     1
  Use: Scroll            |       |       |    12 |     4 ||    16
       Potion            |       |       |       |     1 ||     1
 Stab: Held in net/web   |       |     1 |       |       ||     1
       Sleeping          |       |       |       |     2 ||     2
Armor: Robe              |    23 |    34 |    43 |   177 ||   277
Dodge: Dodged            |    68 |   176 |   403 |   624 ||  1271
